AoeStats
← zyn

QS Arena

503359839Analyzed
4v4 RM · 1mo ago on Aug 31, 2026· 58m 43s· 8 players
Game mode
Random Map
Map size
Large (8 player)
Population
200
Speed
Normal
Resources
Standard
Victory
Conquest
Starting age
Dark Age
Ending age
Imperial Age
RankedLock teamsTeams togetherTeam positionsShared explorationLock speedFull tech treeHidden civsTurbo modeCheats
Victory
Defeat
🇮🇳 Portuguese · India
1076
+14
🇮🇳 Cumans · India
1047
+16
🇯🇵 Magyars · Japan
1006
+18
🇨🇳 Teutons · China
990
+18
🇪🇸 Turks · Spain
1094
-19
🇫🇷 Lithuanians · France
1044
-17
🇬🇧 Goths · United Kingdom
1038
-16
🇪🇪 Spanish · Estonia
999
-41
kwik
4:51 Loom
7:52 Feudal Age
8:31 Double-Bit Axe
8:30 Horse Collar
13:37 Wheelbarrow
12:48 Town Watch
19:17 Castle Age
17:39 Gold Mining
18:04 Scale Barding Armor
18:10 Forging
18:22 Bloodlines
20:24 Stone Mining
21:09 Gold Shaft Mining
20:56 Chain Barding Armor
21:12 Iron Casting
20:50 Bow Saw
20:43 Heavy Plow
22:25 Hand Cart
25:46 Town Patrol
30:50 Imperial Age
31:12 Cavalier
32:29 Plate Barding Armor
32:55 Blast Furnace
32:31 Paladin
36:04 Light Cavalry
37:16 Hussar
40:13 Fletching
44:36 Bodkin Arrow
44:42 Padded Archer Armor
47:23 Pikeman
48:04 Squires
47:50 Arson
Enver Pasha
8:29 Feudal Age
12:23 Castle Age
10:33 Double-Bit Axe
10:33 Horse Collar
13:56 Bow Saw
13:52 Heavy Plow
13:50 Loom
16:22 Gold Mining
19:43 Husbandry
19:24 Light Cavalry
21:07 Bloodlines
24:11 Murder Holes
27:59 Fletching
28:11 Padded Archer Armor
33:56 Imperial Age
34:05 Leather Archer Armor
35:01 Conscription
36:01 Chemistry
34:42 Treadmill Crane
36:24 Fletching
37:18 Wheelbarrow
37:37 Bodkin Arrow
38:14 Ring Archer Armor
38:08 Ballistics
37:53 Siege Engineers
39:58 Two-Man Saw
39:30 Crop Rotation
40:03 Thumb Ring
40:13 Masonry
41:38 Arquebus
42:44 Bracer
44:39 Stone Mining
46:01 Circumnavigation
49:06 Coinage
51:36 Stone Shaft Mining
55:18 Banking
54:58 Guilds
54:49 Caravan
56:24 Architecture
56:06 Fortified Wall
57:37 Elite Organ Gun
阿霖
3:01 Loom
8:16 Feudal Age
12:49 Castle Age
10:59 Double-Bit Axe
17:18 Horse Collar
18:30 Stone Mining
18:20 Pikeman
22:40 Scale Mail Armor
23:43 Wheelbarrow
25:38 Squires
25:50 Heavy Plow
26:12 Hand Cart
27:03 Bow Saw
30:27 Imperial Age
29:18 Caravan
29:28 Gold Mining
29:30 Stone Mining
30:08 Ironclad
30:36 Halberdier
31:09 Gambesons
31:59 Forging
33:49 Crop Rotation
34:21 Two-Man Saw
33:51 Conscription
34:30 Iron Casting
34:02 Scale Barding Armor
34:14 Chain Mail Armor
34:39 Onager
36:41 Plate Mail Armor
37:13 Blast Furnace
37:15 Elite Teutonic Knight
39:47 Scale Barding Armor
40:05 Fletching
40:18 Padded Archer Armor
49:52 Capped Ram
51:59 Bodkin Arrow
53:22 Ballistics
koctuong
3:09 Loom
7:21 Feudal Age
16:27 Castle Age
20:54 Double-Bit Axe
20:55 Horse Collar
21:42 Scale Barding Armor
21:41 Heavy Plow
21:57 Bow Saw
23:44 Town Watch
24:41 Wheelbarrow
24:22 Corvinian Army
27:41 Bloodlines
27:31 Husbandry
29:12 Gold Mining
34:36 Imperial Age
32:43 Thumb Ring
33:28 Hand Cart
33:25 Fletching
34:54 Bodkin Arrow
35:20 Chain Barding Armor
34:49 Elite Magyar Huszar
36:17 Parthian Tactics
36:38 Hoardings
37:11 Chemistry
37:27 Bracer
37:36 Padded Archer Armor
38:07 Recurve Bow
39:07 Plate Barding Armor
38:48 Leather Archer Armor
39:03 Ballistics
39:12 Conscription
39:16 Treadmill Crane
39:48 Masonry
41:04 Two-Man Saw
40:42 Gold Shaft Mining
40:40 Crop Rotation
42:52 Ring Archer Armor
41:49 Heavy Cavalry Archer
42:19 Treadmill Crane
43:31 Town Patrol
45:18 Stone Mining
45:43 Siege Engineers
45:34 Murder Holes
57:10 Spies/Treason
Carsitou
9:33 Feudal Age
13:14 Castle Age
11:12 Double-Bit Axe
11:15 Horse Collar
13:13 Wheelbarrow
14:27 Bow Saw
14:14 Town Watch
14:59 Loom
21:05 Gold Mining
21:07 Stone Mining
21:50 Heavy Plow
26:40 Imperial Age
25:27 Hand Cart
25:31 Town Patrol
27:36 Elite Janissary
30:51 Conscription
32:25 Fortified Wall
32:19 Padded Archer Armor
34:47 Artillery
35:48 Leather Archer Armor
38:14 Heavy Camel Rider
38:54 Husbandry
39:07 Bloodlines
39:03 Murder Holes
39:08 Heavy Camel Rider
Arjack
9:52 Feudal Age
13:42 Castle Age
12:02 Double-Bit Axe
13:45 Horse Collar
15:45 Bow Saw
21:10 Wheelbarrow
22:18 Loom
22:49 Hand Cart
22:23 Town Watch
28:08 Imperial Age
26:07 Heavy Plow
26:01 Gold Mining
27:03 Scale Barding Armor
27:09 Forging
28:30 Chain Barding Armor
28:44 Elite Leitis
29:46 Conscription
30:15 Plate Barding Armor
30:55 Iron Casting
31:03 Bloodlines
30:54 Husbandry
32:07 Stone Mining
33:18 Two-Man Saw
32:49 Crop Rotation
33:17 Fletching
36:57 Ballistics
50:05 Masonry
50:56 Chemistry
zyn
6:29 Feudal Age
7:56 Double-Bit Axe
9:07 Horse Collar
14:12 Wheelbarrow
21:37 Castle Age
22:02 Bloodlines
23:01 Scale Barding Armor
24:25 Town Watch
26:37 Heavy Plow
27:41 Bow Saw
27:38 Stone Mining
28:37 Husbandry
31:57 Hand Cart
32:02 Town Patrol
32:07 Pikeman
32:07 Man-at-Arms
32:11 Elite Skirmisher
iBenj
7:57 Feudal Age
8:35 Double-Bit Axe
12:08 Loom
14:32 Castle Age
15:06 Forging
14:55 Man-at-Arms
19:11 Horse Collar
27:13 Imperial Age
24:29 Long Swordsman
25:42 Scale Mail Armor
26:46 Heavy Plow
27:29 Anarchy
28:38 Squires
28:02 Two-Handed Swordsman
29:34 Iron Casting
31:43 Wheelbarrow
31:32 Capped Ram
32:46 Champion
34:03 Perfusion
34:18 Elite Huskarl
35:26 Pikeman
36:25 Chain Mail Armor
37:11 Blast Furnace
36:45 Halberdier
Connection lost

Rejoining the realm…

Still unreachable

The connection could not be restored.

Session expired

The server has moved on; the page needs a fresh start.